Map: Central Protocol

Players

LiquidSnute (Snute) - Winner!

  • Race: Zerg Zerg
  • League: Grandmaster

Kelazhur

  • Race: Terran Terran
  • League: Master

Event: DreamHack ZOWIE Open Leipzig

VOD

Have the link to the VOD?

Description

Time

  • Played on: Jan. 22, 2016, 11:04 a.m.
  • Length: 13:25

All games in this series

Show
View Real Time Build Order
Export as new Build Order

LiquidSnute Zerg - Winner!

Build Orders: Hatch First, Roach Nydus 

Get SALT Encoding   

  12  0:00  Drone  
  13  0:12  Overlord  
  13  0:16  Drone  
  14  0:30  Drone x2  
  14  0:34  Drone  
  17  0:52  Hatchery  
  17  0:54  Drone  
  17  1:07  Spawning Pool  
  17  1:11  Drone  
  17  1:14  Drone  
  17  1:16  Extractor  
  17  1:19  Drone  
  18  1:28  Drone  
  19  1:38  Overlord  
  19  1:54  Roach Warren, Queen  
  19  1:55  Zergling x2  
  19  2:00  Zergling x2  
  22  2:05  Queen  
  24  2:34  Roach  
  24  2:35  Roach x2  
  24  2:36  Roach x2  
  34  2:40  Overlord  
  34  2:48  Overlord  
  34  2:52  Drone  
  34  2:56  Ravager  
  36  3:00  Drone x2  
  36  3:04  Drone  
  39  3:07  Drone  
  39  3:10  Drone  
  41  3:15  Drone  
  41  3:16  Drone  
  41  3:19  Drone  
  44  3:25  Ravager  
  44  3:26  Drone  
  44  3:27  Drone  
  47  3:30  Drone  
  48  3:34  Overlord  
  48  3:39  Drone x2  
  50  3:46  Overlord  
  50  3:55  Drone x2  
  52  3:56  Ravager  
  52  3:59  Overlord  
  52  4:00  Drone x3  
  56  4:07  Queen  
  56  4:09  Roach  
  60  4:15  Roach  
  62  4:19  Queen  
  62  4:23  Drone x3  
  62  4:24  Drone  
  68  4:27  Overlord  
  68  4:36  Extractor x2  
  66  4:39  Roach x2  
  70  4:49  Drone x2  
  72  4:54  Queen x2  
  76  5:08  Roach x3  
  76  5:10  Drone  
  83  5:20  Drone  
  84  5:25  Overlord, Extractor  
  82  5:38  Overlord x2  
  82  5:47  Hatchery, Roach x6  
  82  5:49  Queen  
  91  5:56  Ravager  
  91  5:57  Ravager  
  93  5:59  Drone x3  
  93  6:01  Lair  
  94  6:06  Drone x3  
  94  6:07  Drone  
  98  6:12  Evolution Chamber  
  98  6:14  Evolution Chamber  
  96  6:19  Drone  
  96  6:20  Drone  
  96  6:22  Drone  
  99  6:35  Hatchery  
  99  6:39  Zerg Missile Weapons Level 1  
  98  6:41  Zerg Ground Armor Level 1  
  98  6:50  Roach  
  98  6:51  Roach x4  
  108  6:56  Overlord x2  
  108  7:06  Hatchery  
  108  7:13  Overlord  
  108  7:15  Queen x2  
  110  7:18  Nydus Network  
  110  7:19  Glial Reconstitution  
  111  7:33  Roach  
  111  7:34  Roach x9  
  131  7:37  Overseer  
  131  7:38  Overlord  
  131  7:55  Nydus Canal  
  131  8:15  Roach  
  131  8:16  Roach x7  
  131  8:17  Roach  
  138  8:21  Infestation Pit, Queen  
  138  8:26  Drone x2  
  138  8:27  Drone x3  
  143  8:35  Zerg Missile Weapons Level 2  
  143  8:39  Zerg Ground Armor Level 2  
  143  8:48  Drone  
  143  8:49  Drone x2  
  146  9:00  Overlord  
  146  9:01  Overlord  
  146  9:03  Pathogen Glands, Extractor x2  
  146  9:04  Overlord x3  
  146  9:08  Overlord  
  144  9:14  Overlord  
  144  9:29  Roach x9  
  144  9:31  Ravager x2  
  164  9:43  Infestor  
  166  9:45  Overlord  
  166  9:46  Overlord  
  166  9:47  Drone x4  
  166  9:50  Pneumatized Carapace  
  170  9:58  Infestor  
  172  10:08  Infestor  
  172  10:11  Ravager  
  175  10:15  Hatchery  
  175  10:17  Ravager  
  175  10:25  Roach x6  
  150  10:45  Roach x9  
  150  10:46  Roach  
  170  10:53  Ravager  
  171  10:57  Infestor  
  171  11:02  Ravager  
  172  11:13  Roach x7  
  172  11:16  Overlord  
  182  11:32  Infestor x2  
  184  11:41  Infestor  
  184  11:43  Zergling x2  
  184  11:45  Drone x8, Extractor  
  184  11:46  Drone x3, Extractor  
  190  12:07  Roach x5  
  182  12:18  Roach x8  
  182  12:21  Ravager x4  
  182  12:31  Roach x6  
  192  12:38  Roach  
  192  12:39  Roach x4  
  197  12:47  Infestor  
  189  13:03  Roach  
  189  13:04  Roach x4  
Show
View Real Time Build Order
Export as new Build Order

Kelazhur Terran 

Build Orders: MMM Bio, Mass Reaper 

Get SALT Encoding   

  12  0:00  SCV  
  13  0:12  SCV  
  14  0:17  Supply Depot  
  14  0:24  SCV  
  15  0:39  SCV  
  15  0:40  Barracks  
  16  0:44  Refinery  
  16  0:51  SCV  
  17  0:59  Barracks  
  17  1:03  SCV  
  18  1:15  SCV  
  19  1:20  Barracks  
  19  1:28  Refinery  
  19  1:30  Reaper  
  21  1:45  Orbital Command  
  20  1:47  Reaper  
  21  1:59  Supply Depot  
  21  2:03  Reaper  
  21  2:08  Reaper  
  23  2:20  SCV, Reaper  
  25  2:32  SCV  
  25  2:35  Reaper  
  27  2:42  Reaper  
  28  2:45  SCV, Supply Depot  
  29  2:52  Reaper  
  29  2:57  SCV  
  31  3:07  Reaper  
  31  3:09  SCV  
  33  3:14  Reaper  
  33  3:20  Command Center  
  33  3:21  SCV  
  34  3:28  Reaper  
  34  3:33  SCV  
  36  3:36  Supply Depot  
  36  3:39  Reaper  
  37  3:45  SCV  
  37  3:46  Reaper  
  39  3:58  SCV  
  39  3:59  Supply Depot  
  39  4:01  Reaper  
  41  4:11  Reaper  
  40  4:18  Reaper  
  40  4:20  Command Center  
  41  4:33  Reaper  
  41  4:34  SCV  
  41  4:35  Orbital Command  
  43  4:43  Reaper  
  43  4:53  Barracks Tech Lab  
  43  4:54  SCV  
  43  4:57  Barracks  
  43  4:58  Barracks  
  42  5:09  SCV  
  42  5:10  Barracks Tech Lab  
  42  5:11  SCV  
  44  5:19  Stimpack  
  44  5:20  Marine x2  
  44  5:21  SCV  
  47  5:23  SCV  
  47  5:27  Factory  
  48  5:33  SCV  
  48  5:37  SCV  
  48  5:38  Orbital Command  
  48  5:41  Combat Shields, Marine  
  48  5:42  Marine x2  
  52  5:46  Marine  
  52  5:47  SCV  
  54  5:56  Marine  
  54  5:58  SCV  
  54  5:59  SCV, Marine x2  
  54  6:03  Refinery, Marine  
  59  6:04  Marine  
  59  6:05  SCV, Bunker  
  59  6:10  SCV  
  62  6:11  SCV  
  62  6:14  Marine  
  62  6:17  SCV, Marine  
  66  6:22  SCV  
  66  6:23  Supply Depot x2  
  66  6:24  SCV  
  68  6:26  Starport  
  68  6:28  Bunker  
  68  6:29  Supply Depot, Factory Reactor  
  68  6:30  SCV  
  69  6:35  SCV  
  70  6:41  SCV  
  70  6:44  Marine  
  70  6:45  SCV  
  74  6:47  SCV  
  74  6:49  Refinery  
  74  6:51  Engineering Bay  
  74  6:52  Engineering Bay  
  74  6:55  Marine  
  74  6:56  Marauder x2, Marine  
  74  6:57  SCV  
  81  7:06  SCV, Marine  
  81  7:07  SCV  
  82  7:17  SCV  
  82  7:18  Factory Tech Lab  
  82  7:20  Terran Infantry Weapons Level 1, Medivac x2  
  82  7:21  Terran Infantry Armor Level 1  
  86  7:25  Marauder x2, Marine  
  86  7:29  Marine x2  
  91  7:30  SCV  
  91  7:33  Supply Depot  
  91  7:37  Supply Depot, Siege Tank  
  96  7:43  Marine  
  97  7:46  Marine x2  
  97  7:47  Marine x2  
  100  7:56  Medivac x2  
  104  8:00  Engineering Bay  
  104  8:01  Marine  
  104  8:04  Engineering Bay, Marauder  
  104  8:05  Marauder, Engineering Bay, Marine  
  110  8:07  Engineering Bay  
  110  8:08  SCV  
  111  8:14  SCV  
  112  8:22  SCV, Marine  
  112  8:23  Marine x2  
  112  8:26  Marauder, Medivac x2  
  122  8:38  Siege Tank  
  124  8:47  Marine  
  125  8:56  Supply Depot  
  125  9:01  Supply Depot  
  125  9:07  Orbital Command  
  125  9:09  Bunker  
  125  9:13  Supply Depot x2  
  125  9:17  Medivac, Siege Tank, Marine x2  
  125  9:22  Medivac, Marine  
  125  9:23  Marauder x2  
  131  9:41  Barracks Reactor  
  131  9:42  Barracks Reactor  
  131  9:44  Marauder  
  132  9:46  SCV x2  
  132  9:47  Refinery x2, Medivac  
  132  9:48  Marine  
  132  9:49  Siege Tank  
  132  9:51  SCV  
  132  9:52  Barracks, Medivac  
  141  9:53  Barracks  
  141  9:56  Barracks  
  141  9:57  Marine  
  141  9:58  Command Center, SCV  
  145  10:08  SCV  
  145  10:09  Marauder, Marine  
  149  10:15  Marine  
  149  10:17  SCV x2  
  149  10:21  Armory  
  152  10:22  Siege Tank  
  152  10:27  Marine  
  143  10:36  Marauder x2, Marine  
  135  10:43  Marine  
  135  10:44  Marine  
  135  10:45  Marine  
  135  10:46  Marine x4  
  140  10:54  Siege Tank  
  140  10:58  Marauder  
  134  11:08  Marine  
  134  11:09  Marauder  
  128  11:19  Marauder, Marine  
  128  11:20  Marine  
  128  11:21  Marine x5  
  128  11:24  Planetary Fortress  
  128  11:25  Missile Turret  
  137  11:26  Siege Tank  
  137  11:28  Marine  
  137  11:30  Marauder  
  142  11:39  Marine  
  132  11:40  Marauder, Marine  
  132  11:46  Marine  
  129  11:51  Marauder  
  131  11:54  Marine  
  131  11:57  Marine  
  131  11:58  Siege Tank  
  131  12:00  Command Center  
  135  12:02  Marauder  
  135  12:07  Marine  
  136  12:13  Marauder  
  101  12:19  Marine x2  
  101  12:20  Marine x3  
  93  12:23  Marauder  
  93  12:30  Siege Tank  
  93  12:32  Marine x3  
  93  12:34  Marauder  
  93  12:36  Marine  
  97  12:37  Marine x2  
  97  12:38  Marine  
  97  12:40  Marine  
  97  12:42  Orbital Command  
  90  12:45  Marauder  
  90  12:49  Marine  
  90  12:50  Marine x2  
  92  12:54  Marine  
  92  12:55  Marine  
  92  12:56  Marine, Marauder  
  96  13:03  Marine  
  96  13:05  Marine  

Tags
 
Add a new tag
Caveats
  • Supply blocks, unpowered buildings, or Contaminate may cause inaccurate times.
  • Supply counts are checked every 10 seconds.